Map: Deathaura LE

Players

Berkster - Winner!

  • Race: Terran Terran
  • League: Platinum
  • Spawn Location: 5:00

Massa

  • Race: Terran Terran
  • League: Platinum
  • Spawn Location: 11:00

VOD

Have the link to the VOD?

Description

Time

  • Played on: Sept. 3, 2020, 2:07 p.m.
  • Length: 8:08
Show
View Real Time Build Order
Export as new Build Order

Berkster Terran - Winner!

Build Orders:  

Get SALT Encoding   

  12  0:01  SCV  
  13  0:13  SCV  
  14  0:19  Supply Depot  
  14  0:27  Refinery  
  14  0:28  SCV  
  15  0:44  Barracks  
  15  0:45  SCV  
  16  0:56  Supply Depot  
  16  0:59  SCV  
  17  1:12  Refinery, SCV  
  18  1:24  SCV  
  19  1:31  Reaper  
  20  1:36  SCV  
  21  1:46  Factory  
  21  1:52  Orbital Command  
  21  2:03  Marine  
  22  2:16  Supply Depot  
  22  2:20  SCV  
  22  2:21  Marine  
  24  2:30  Factory Tech Lab  
  24  2:32  SCV  
  24  2:36  Starport  
  25  2:39  Marine  
  26  2:46  SCV  
  27  2:54  Siege Tank  
  27  2:57  Marine  
  27  2:58  SCV  
  31  3:11  SCV  
  32  3:13  Medivac  
  32  3:15  Marine  
  35  3:23  SCV, Fusion Core  
  36  3:27  Supply Depot  
  36  3:32  Marine  
  37  3:45  Starport Tech Lab, Engineering Bay  
  37  3:50  Marine  
  38  4:03  SCV  
  38  4:08  Marine  
  37  4:26  Marine  
  37  4:29  Battlecruiser  
  44  4:57  Sensor Tower  
  44  5:02  Siege Tank  
  45  5:41  Command Center  
  45  5:47  SCV  
  45  5:48  Missile Turret  
  46  5:59  SCV  
  47  6:52  SCV, Battlecruiser, Siege Tank  
  57  7:04  SCV  
  58  7:16  SCV  
  59  7:22  Missile Turret  
  59  7:28  SCV  
  51  7:41  SCV  
  45  7:53  SCV  
Show
View Real Time Build Order
Export as new Build Order

Massa Terran 

Build Orders:  

Get SALT Encoding   

  12  0:01  SCV  
  13  0:13  SCV  
  14  0:20  Supply Depot  
  14  0:25  SCV  
  15  0:30  Refinery  
  15  0:44  SCV, Barracks  
  16  0:56  SCV  
  17  1:08  SCV  
  18  1:24  Refinery, SCV  
  19  1:31  Reaper  
  20  1:36  SCV  
  21  1:45  Command Center  
  21  1:51  SCV  
  22  2:03  Reaper  
  23  2:10  Factory  
  23  2:15  Orbital Command  
  23  2:56  Reaper  
  23  2:57  Hellion  
  26  3:06  Supply Depot  
  26  3:07  SCV x2  
  28  3:18  Hellion  
  28  3:19  SCV x2  
  32  3:28  Barracks Tech Lab  
  32  3:29  Supply Depot  
  32  3:31  Orbital Command  
  32  3:33  SCV  
  33  3:37  Barracks  
  33  3:43  Starport  
  33  3:45  SCV  
  33  3:46  Engineering Bay  
  34  3:54  Stimpack  
  34  3:57  SCV, Marauder  
  34  4:00  SCV  
  35  4:33  Barracks Reactor  
  35  4:34  Marauder  
  35  4:37  Barracks  
  35  4:38  SCV x2  
  39  4:42  Medivac  
  41  4:50  SCV x2  
  43  4:55  Marauder  
  45  5:02  SCV x2  
  47  5:12  Medivac  
  47  5:14  SCV  
  46  5:21  Marine x2  
  46  5:24  Terran Infantry Weapons Level 1  
  48  5:29  Barracks Reactor, Marauder  
  50  5:35  Command Center  
  50  5:36  Missile Turret  
  50  5:37  Missile Turret  
  50  5:39  Marine x2  
  52  5:46  Missile Turret x2  
  52  5:50  Marauder  
  52  5:54  Viking  
  50  5:57  Marine x2  
  50  6:03  Factory Tech Lab  
  51  6:07  Missile Turret  
  45  6:20  Marine  
  45  6:22  Marine x2  
  45  6:24  Viking  
  44  6:38  Marine, Missile Turret  
  44  6:39  Marine  
  45  6:40  Marine  
  45  6:42  Missile Turret  
  38  6:56  Marine  
  38  6:57  Marine x2  
  34  7:08  Missile Turret  
  34  7:13  Marine  
  34  7:15  Marine  
  22  7:35  Marine  
  22  7:36  Marine  
Tags
 
Matchup
TvT
Race
Terran
Replay Pack
Multiplayer
Spawn Locations
Cross Positions
Add a new tag
Caveats
  • Supply blocks, unpowered buildings, or Contaminate may cause inaccurate times.
  • Supply counts are checked every 10 seconds.